 Dungeon Crawl Stone Soup version 0.19-a0-330-g034cfd4 (webtiles) character file.

65 Ijustatesigmund the Skirmisher (level 4, 0/42 HPs)
             Began as a Hill Orc Fighter on May 28, 2016.
             Slain by Ijustatesigmund's ghost (18 damage)
             ... on level 3 of the Dungeon.
             The game lasted 00:02:55 (967 turns).

Ijustatesigmund the Skirmisher (Hill Orc Fighter)    Turns: 967, Time: 00:02:56

Health: 0/42       AC:  6    Str: 18    XL:     4   Next: 13%
Magic:  4/4        EV:  6    Int:  8    God:
Gold:   100        SH:  8    Dex: 11    Spells: 0 memorised, 3 levels left

rFire  . . .     SeeInvis .     a - +0 war axe
rCold  . . .     Gourm    .     b - +0 scale mail
rNeg   . . .     Faith    .     c - +0 shield
rPois  .         Spirit   .     (no helmet)
rElec  .         Dismiss  .     (no cloak)
rCorr  .         Reflect  .     (no gloves)
SustAt .         Harm     .     (no boots)
MR     .....                    (no amulet)
Stlth  ..........               (no ring)
                                (no ring)

@: drained, not resistant to hostile enchantments, extremely unstealthy
A: no striking features
a: no special abilities


You were on level 3 of the Dungeon.
You were not hungry.

You visited 1 branch of the dungeon, and saw 3 of its levels.

You collected 100 gold pieces.

Inventory:

Hand Weapons
 a - a +0 war axe (weapon)
Missiles
 h - 8 poisoned tomahawks (quivered)
Armour
 b - a +0 scale mail (worn)
 c - a +0 shield (worn)
Potions
 d - a potion of might
 e - a potion of brilliance
 i - a potion of degeneration {unknown}
 k - a potion of flight {unknown}
 l - a potion of invisibility {unknown}
Comestibles
 f - 2 bread rations
 g - a fruit


   Skills:
 + Level 5.1(4.1) Fighting
 + Level 4.0(3.1) Axes
 - Level 3.2(2.3) Armour
 - Level 3.2(2.3) Shields


You had 3 spell levels left.
You didn't know any spells.

Dungeon Overview and Level Annotations

Branches:
Dungeon (3/15)

Altars:
Sif Muna

Annotations:
D:3 Ijustatesigmund's ghost, amateur HOFi


Message History

Ijustatesigmund's ghost is lightly damaged.
You block Ijustatesigmund's ghost's attack.
You hit Ijustatesigmund's ghost but do no damage.
Ijustatesigmund's ghost is lightly damaged.
You block Ijustatesigmund's ghost's attack.
Ijustatesigmund's ghost hits you.
You hit Ijustatesigmund's ghost but do no damage.
Ijustatesigmund's ghost is lightly damaged.
Ijustatesigmund's ghost hits you but does no damage.
You hit Ijustatesigmund's ghost but do no damage.
Ijustatesigmund's ghost is lightly damaged.
You hit the goblin.
You kill the goblin!
Ijustatesigmund's ghost hits you. Ijustatesigmund's ghost hits you!
An ooze comes into view.
Your shield prevents you from hitting Ijustatesigmund's ghost.
Ijustatesigmund's ghost is lightly damaged.
The ooze quivers.
Ijustatesigmund's ghost hits you!!
You die...

.........# .#
...........##.####.
...........#.......
...........#.......
........)..#.......
...........<.......
...................
..?................
#....W@...........
.........!..####.#.
.#.........## ..
.J.#.##.#### . .#
#. #.# # #.# #.#
#..


You could see Ijustatesigmund's ghost and an ooze.

Vanquished Creatures
  An adder (D:2)
  A dart slug (D:1)
  3 worms (D:2)
  6 bats
  3 giant cockroaches
  6 goblins
  10 hobgoblins
  A ball python (D:1)
  3 giant newts
  7 kobolds
  A rat (D:1)
42 creatures vanquished.

Notes
Turn   | Place    | Note
--------------------------------------------------------------
     0 | D:1      | Ijustatesigmund the Hill Orc Fighter began the quest for the Orb.
     0 | D:1      | Reached XP level 1. HP: 19/19 MP: 1/1
    79 | D:1      | Reached skill level 4 in Fighting
    79 | D:1      | Reached XP level 2. HP: 27/27 MP: 2/2
   445 | D:1      | Reached XP level 3. HP: 29/34 MP: 3/3
   732 | D:2      | Found a deep blue altar of Sif Muna.
   808 | D:2      | Reached skill level 5 in Fighting
   810 | D:2      | Reached XP level 4. HP: 33/42 MP: 4/4
   959 | D:3      | Noticed Ijustatesigmund's ghost (amateur HOFi)
   967 | D:3      | Slain by Ijustatesigmund's ghost

Vault maps used:
D:1:      eino_arrival_cavern_d, bh_walls_and_bars
D:2:      led_sif_pool
D:3:      grunt_temple_overflow_growth_and_decay, lemuel_coloured_pillars_altar,
          first_bread, uniq_robin

Skill      XL: |  1  2  3 |
---------------+----------+-----
Axes           | 3 4 |  4.0
Fighting       | 4 5 |  5.1
Armour         | |  3.2
Shields        | |  3.2

Action                   |  1- 3 |  4- 6 || total
-------------------------+-------+-------++-------
Melee: War axe           |    91 |    16 ||   107
  Use: Scroll            |     6 |     1 ||     7
Armor: Scale mail        |    46 |     6 ||    52
Dodge: Dodged            |    35 |     6 ||    41
Block: Shield            |    55 |     4 ||    59
